 Dungeon Sprint DCSS version 0.29-a0-222-g5b244fca1f (webtiles) character file.

Game seed: 7048114949678852811

1887 mhtbhm the Fighter (level 9, -1/67 HPs)
             Began as a Gargoyle Berserker on Feb 27, 2022.
             Was a High Priest of Trog.
             Slain by an earth elemental (35 damage)
             ... in the Dungeon (Sprint III: "The Ten Rune Challenge").
             The game lasted 00:01:44 (1663 turns).

mhtbhm the Fighter (Gargoyle Berserker)             Turns: 1663, Time: 00:01:45

Health: -1/67      AC:  8    Str: 26    XL:     9   Next: 14%
Magic:  9/9        EV: 13    Int:  7    God:    Trog [*****.]
Gold:   32         SH:  4    Dex:  9    Spells: 8/8 levels left

rFire   . . .      SeeInvis .   a - +0 mace
rCold   . . .      Faith    .   (no shield)
rNeg    + . .      Spirit   .   b - +0 robe
rPois   ∞          Reflect  .   (no helmet)
rElec   +          Harm     .   (no cloak)
rCorr   .          Rampage  .   (no gloves)
Will    .....      Rage     1%  (no boots)
Stlth   +++....... NoTele   +   (no amulet)
HPRegen 0.21/turn               (no ring)
MPRegen 0.11/turn               (no ring)

@: no status effects
A: sickness immunity, AC +6, negative energy resistance 1, electricity
resistance, torment resistance 1, petrification resistance, large bone plates 1,
berserk 1, high MP 1
a: Renounce Religion, Berserk, Trog's Hand, Brothers in Arms


You were in the Dungeon.
You worshipped Trog.
Trog was extremely pleased with you.
You visited 1 branch You collected 32 gold pieces.

Inventory:

Hand Weapons
 a - a +0 mace (weapon)
Armour
 b - a +0 robe (worn)
Scrolls
 h - 2 scrolls of blinking
 i - a scroll of torment {unknown}
 j - a scroll of brand weapon {unknown}
 l - a scroll of holy word {unknown}
 m - a scroll of amnesia {unknown}
Potions
 c - a potion of curing
 d - a potion of might
 e - a potion of haste
 f - 2 potions of magic
 g - a potion of berserk rage
 k - 2 potions of flight
 n - a potion of ambrosia {unknown}
 o - 4 potions of mutation
Miscellaneous
 p - a phial of floods


   Skills:
 + Level 12.8 Fighting
 + Level 12.6 Maces & Flails
 + Level 5.4 Armour
 + Level 6.4 Dodging
 + Level 8.0 Stealth
 + Level 1.7 Shields
 + Level 0.9 Evocations


You had 8 spell levels left.
You didn't know any spells.
Your spell library was empty.

Dungeon Overview and Level Annotations

Branches:
Dungeon (1/1)

Altars:
Cheibriados
Dithmenos
Elyvilon
Fedhas
Gozag
Hepliaklqana
Kikubaaqudgha
Makhleb
Nemelex Xobeh
Okawaru
Qazlal
Ru
Sif Muna
Trog
Uskayaw
Vehumet
Wu Jian
Xom
Yredelemnul
Zin
The Shining One
Beogh
Jiyva
Lugonu


Innate Abilities, Weirdness & Mutations

You are immune to sickness and miasma.
Your stone body is resilient. (AC +6)
You are immune to poison.
You resist negative energy. (rN+)
You are resistant to electric shocks. (rElec)
You are resistant to unholy torment.
You are immune to petrification.
You are partially covered in large bone plates. (SH +4)
You tend to lose your temper in combat.
You have an increased reservoir of magic. (+10% MP)


Message History

Trog accepts your kill.
Your phial of floods has recharged.
Your Maces & Flails skill increases to level 12!
Your Dodging skill increases to level 6!
Your Stealth skill gained 2 levels and is now at level 8!
You have reached level 9!
Your experience leads to an increase in your attributes!
Increase (S)trength, (I)ntelligence, or (D)exterity?
You feel stronger. x2
You enter the shallow water.
Moving in this stuff is going to be slow.
You feel a strong urge to attack something.
You start resting.
You are no longer berserk.
You are exhausted.
You feel yourself slow down.
You start resting.
You start resting.
You feel yourself speed up.
You start resting.
You recover from your berserk rage.
You start resting.
You start resting.
HP restored.
You open the door.
An earth elemental comes into view.
There is an open door here.
The helpless earth elemental fails to defend itself.
You hit the earth elemental but do no damage.
You thump the earth elemental!
The earth elemental is moderately damaged.
The earth elemental hits you!!
You completely miss the earth elemental.
You punch the earth elemental, but do no damage.
The earth elemental is moderately damaged.
You hit the earth elemental but do no damage.
The earth elemental is moderately damaged.
The earth elemental hits you!!
Ouch! That really hurt!
You die...

..#__)#._#
#)#'###)##
.........#
⌠........#
..######'#
⌠.#__#...#+#######
..#__#...#.§§≈≈'.#
###__#...#.#§≈≈#.#
).#__#...'.#§§§#@#
__#__'...#.#.§§#.E.#
▓▓▓▓▓▓▓▓▓▓▓▓▓▓▓▓▓▓▓▓


You could see an earth elemental.

Vanquished Creatures
  Snorg (D)
  A deep elf pyromancer (D)
  A shadow (D)
  A spatial vortex (D)
  A necrophage (D)
  A water elemental (D)
  A jelly (D)
  Jessica (D)
  A wizard (D)
  A necromancer (D)
  3 humans (D)
  A kobold demonologist (D)
  A phantom (D)
  2 endoplasms (D)
17 creatures vanquished.

Notes
Turn   | Place    | Note
-------+----------+-------------------------------------------
     0 | D        | mhtbhm the Gargoyle Berserker began the quest for the Orb.
     0 | D        | Reached XP level 1. HP: 14/14 MP: 1/1
    90 | D        | Noticed Jessica
    96 | D        | Killed Jessica
    96 | D        | Reached ** piety under Trog
    97 | D        | Reached skill level 5 in Fighting
    97 | D        | Reached XP level 2. HP: 16/21 MP: 2/2
    97 | D        | Reached XP level 3. HP: 21/26 MP: 3/3
   304 | D        | Reached skill level 5 in Maces & Flails
   304 | D        | Reached skill level 1 in Stealth
   618 | D        | Gained mutation: You tend to lose your temper in combat.
                  | [potion of mutation]
   618 | D        | Gained mutation: You are partially covered in large bone
                  | plates. (SH +4) [potion of mutation]
   618 | D        | Gained mutation: You have an increased reservoir of magic.
                  | (+10% MP) [potion of mutation]
   624 | D        | Noticed a water elemental
   628 | D        | Killed a water elemental
   629 | D        | Reached XP level 4. HP: 28/32 MP: 4/4
   730 | D        | Found a radiant altar of Vehumet.
   730 | D        | Found a shimmering blue altar of Sif Muna.
   730 | D        | Found an ancient bone altar of Kikubaaqudgha.
   730 | D        | Noticed a wizard
   734 | D        | Noticed an ice devil
   738 | D        | Reached *** piety under Trog
   739 | D        | Reached XP level 5. HP: 6/38 MP: 5/5
  1076 | D        | Found a glowing silver altar of Zin.
  1076 | D        | Found a glowing golden altar of the Shining One.
  1076 | D        | Found a white marble altar of Elyvilon.
  1077 | D        | Noticed a deep elf pyromancer
  1097 | D        | Killed a deep elf pyromancer
  1098 | D        | Reached skill level 10 in Fighting
  1098 | D        | Reached skill level 10 in Maces & Flails
  1098 | D        | Reached skill level 5 in Armour
  1098 | D        | Reached XP level 6. HP: 9/48 MP: 6/6
  1098 | D        | Reached XP level 7. HP: 10/53 MP: 7/7
  1343 | D        | Found a basalt altar of Yredelemnul.
  1343 | D        | Found a shadowy altar of Dithmenos.
  1343 | D        | Found a sacrificial altar of Ru.
  1349 | D        | Reached **** piety under Trog
  1350 | D        | Reached skill level 5 in Stealth
  1363 | D        | Reached skill level 5 in Dodging
  1363 | D        | Reached skill level 1 in Shields
  1379 | D        | Found a hide-covered altar of Uskayaw.
  1379 | D        | Found an iron altar of Okawaru.
  1379 | D        | Found a bloodstained altar of Trog.
  1379 | D        | Found an ornate altar of the Wu Jian Council.
  1379 | D        | Noticed a human
  1380 | D        | Noticed a human
  1395 | D        | Killed a human
  1399 | D        | Killed a human
  1400 | D        | Reached XP level 8. HP: 60/60 MP: 8/8
  1447 | D        | Noticed a shadow
  1451 | D        | Killed a shadow
  1455 | D        | Reached ***** piety under Trog
  1459 | D        | Found a blossoming altar of Fedhas.
  1459 | D        | Found a stormy altar of Qazlal.
  1459 | D        | Found a snail-covered altar of Cheibriados.
  1459 | D        | Found a burning altar of Makhleb.
  1459 | D        | Found a shimmering altar of Xom.
  1460 | D        | Found a hazy altar of Hepliaklqana.
  1460 | D        | Found an opulent altar of Gozag.
  1460 | D        | Found a sparkling altar of Nemelex Xobeh.
  1460 | D        | Found a corrupted altar of Lugonu.
  1460 | D        | Found a viscous altar of Jiyva.
  1516 | D        | Noticed Snorg
  1532 | D        | Killed Snorg
  1533 | D        | Reached XP level 9. HP: 59/67 MP: 9/9
  1663 | D        | Slain by an earth elemental

Illustrated notes

Levels and vault maps discovered:
D:        dungeon_sprint_mu [sprint_mu_entry_cave, sprint_mu_temple_rooms,
          sprint_mu_d1_horrors, sprint_mu_d2_genie, sprint_mu_d3_branching,
          sprint_mu_orc_legion, sprint_mu_elf_gauntlet, sprint_mu_hive_nellie,
          sprint_mu_lair_fedhas, sprint_mu_vaults_butterflies,
          sprint_mu_slime_circle, sprint_mu_shoals_kraken,
          sprint_mu_snake_twists, sprint_mu_blade_basic,
          sprint_mu_crypt_fortress, sprint_mu_tomb_spiral,
          sprint_mu_vestibule_basic, sprint_mu_gehenna_hellfire,
          sprint_mu_dis_giant, sprint_mu_tartarus_statrot,
          sprint_mu_cocytus_islands, sprint_mu_zot1]

Skill      XL: |  1  2  3  4  5  6  7  8 |
---------------+-------------------------+-----
Fighting       | 5 6 7 10 11 12 | 12.8
Maces & Flails | 4 6 10 11 12 | 12.6
Armour         | 3 5 |  5.4
Dodging        | 2 3 4 5 6 |  6.4
Stealth        | 1 2 4 5 8 |  8.0
Shields        | 1 |  1.7
Evocations     | |  0.9

Action                   |  1- 3 |  4- 6 |  7- 9 || total
-------------------------+-------+-------+-------++-------
Melee: Mace              |    30 |    20 |    59 ||   109
       Punch             |       |       |     3 ||     3
Invok: Berserk           |     3 |     2 |     2 ||     7
Evoke: Phial of floods   |       |       |     1 ||     1
  Use: Potion            |     1 |     2 |       ||     3
 Stab: Sleeping          |     1 |     1 |     3 ||     5
Armor: Robe              |     5 |     1 |    10 ||    16
Dodge: Dodged            |    15 |     7 |    17 ||    39
Block: Other             |       |       |     3 ||     3

Table legend: (Time is in decaauts)
 A = Elapsed time spent in this place.
 B = Non-inter-level travel time spent in this place.
 C = Inter-level travel time spent in this place.
 D = Time resting spent in this place.
 E = Time spent auto-exploring this place.
 F = Levels seen in this place.
 G = Mean time per level.
                   A        B        C        D        E       F      G
               +--------+--------+--------+--------+--------+-----+--------+
         Total |   1727 |   1727 |      0 |   1312 |     83 |   1 | 1727.0 |
       Dungeon |   1727 |   1727 |      0 |   1312 |     83 |   1 | 1727.0 |
               +--------+--------+--------+--------+--------+-----+--------+

Top non-repeatable levels by time:
       D: 1727 daAuts
